Map: [ESL] Waterfall

Players

Kelazhur - Winner!

  • Race: Terran Terran
  • Spawn Location: 7:00

Spirit

  • Race: Terran Terran
  • Spawn Location: 1:00

Event: DreamHack SC2 Masters 2022 Valencia

VOD

Have the link to the VOD?

Description

Time

  • Played on: July 1, 2022, 11 a.m.
  • Length: 20:16

All games in this series

Show
View Real Time Build Order
Export as new Build Order

Kelazhur Terran - Winner!

Build Orders:  

Get SALT Encoding   

  12  0:00  SCV  
  13  0:12  SCV  
  14  0:17  Supply Depot  
  14  0:24  SCV  
  15  0:38  SCV  
  15  0:39  Barracks  
  16  0:44  Refinery  
  16  0:50  SCV  
  16  0:53  Refinery  
  17  1:02  SCV  
  18  1:14  SCV  
  19  1:26  Orbital Command, Reaper  
  19  1:31  Supply Depot  
  20  1:41  Factory  
  20  1:54  SCV  
  21  1:58  Reaper  
  22  2:06  SCV  
  23  2:17  Command Center  
  23  2:20  SCV  
  24  2:25  Hellion  
  26  2:32  Reaper  
  26  2:33  SCV  
  26  2:36  Supply Depot  
  28  2:45  SCV  
  28  2:47  Hellion  
  31  2:58  SCV, Starport  
  32  3:07  Barracks Reactor  
  32  3:09  Factory Tech Lab  
  32  3:11  SCV  
  33  3:19  Refinery  
  33  3:23  SCV  
  34  3:32  Orbital Command  
  34  3:33  Cyclone  
  36  3:35  SCV  
  34  3:42  Starport Tech Lab  
  34  3:45  Marine x2  
  34  3:47  SCV  
  37  3:58  SCV  
  37  3:59  SCV  
  37  4:01  Raven  
  41  4:05  Marine x2  
  41  4:08  Siege Tank  
  46  4:10  SCV  
  46  4:11  SCV  
  48  4:18  Supply Depot  
  48  4:22  SCV  
  48  4:23  SCV  
  50  4:24  Marine x2  
  52  4:32  Command Center  
  52  4:34  SCV  
  53  4:40  Siege Tank  
  53  4:44  SCV  
  57  4:48  Raven, SCV  
  57  4:52  Supply Depot  
  61  4:56  SCV  
  61  4:58  Supply Depot  
  61  5:00  SCV  
  61  5:01  Refinery  
  62  5:13  SCV x2, Siege Tank  
  62  5:14  Marine x2  
  67  5:16  Supply Depot  
  69  5:25  SCV  
  70  5:29  SCV  
  70  5:33  Barracks x2  
  71  5:38  SCV  
  71  5:41  SCV  
  73  5:44  Viking x2  
  73  5:48  Siege Tank, Stimpack  
  81  5:52  Orbital Command  
  81  5:54  SCV  
  82  5:57  SCV  
  82  5:58  Marine  
  83  6:08  SCV  
  83  6:09  SCV  
  85  6:12  Orbital Command, Engineering Bay x2  
  85  6:14  Viking  
  87  6:21  Barracks Reactor x2  
  87  6:22  SCV x2  
  89  6:30  Viking  
  89  6:31  Siege Tank, Marine  
  94  6:34  SCV  
  94  6:35  SCV  
  94  6:37  Supply Depot  
  94  6:38  SCV  
  97  6:46  SCV  
  98  6:47  Viking  
  98  6:48  SCV  
  98  6:53  Supply Depot, Terran Infantry Armor Level 1  
  101  6:55  Supply Depot  
  101  6:57  Terran Infantry Weapons Level 1  
  101  6:59  SCV x2  
  103  7:05  SCV  
  104  7:10  Command Center  
  104  7:13  Siege Tank  
  104  7:14  SCV, Sensor Tower  
  108  7:16  SCV  
  63  7:22  Medivac  
  109  7:23  Marine x5  
  109  7:26  Refinery x2, SCV  
  109  7:28  SCV  
  118  7:32  Combat Shield, Supply Depot  
  118  7:34  SCV  
  118  7:38  SCV  
  118  7:40  SCV  
  118  7:43  Marine  
  118  7:44  Marine x4  
  122  7:51  Supply Depot  
  125  7:53  Viking x2, SCV, Supply Depot  
  125  7:56  Armory  
  125  7:57  Siege Tank  
  133  8:02  Supply Depot  
  133  8:09  Barracks  
  133  8:11  Barracks  
  133  8:12  SCV x2, Marine x5  
  140  8:16  SCV  
  141  8:23  Viking x2  
  141  8:25  SCV  
  141  8:26  SCV  
  147  8:28  SCV  
  147  8:30  Marine  
  147  8:33  Marine  
  145  8:37  SCV, Siege Tank, Marine x2  
  145  8:40  SCV x2  
  153  8:42  Marine  
  153  8:46  Planetary Fortress  
  154  8:49  Refinery, Terran Infantry Armor Level 2  
  154  8:50  Refinery, Starport  
  154  8:52  Starport  
  154  8:55  Marine  
  155  8:59  Terran Infantry Weapons Level 2  
  155  9:05  SCV  
  155  9:07  Marine x4  
  155  9:09  SCV  
  163  9:12  Marine, Barracks Reactor x2  
  163  9:14  Terran Vehicle Weapons Level 1  
  163  9:16  Supply Depot x3  
  162  9:19  Siege Tank  
  163  9:25  Marine  
  163  9:27  SCV x2, Marine  
  163  9:28  Marine x2  
  163  9:30  Marine  
  170  9:35  Viking  
  170  9:36  Starport Tech Lab  
  170  9:37  Viking, Starport Tech Lab  
  173  9:42  Marine  
  173  9:45  Marine  
  173  9:46  Marine  
  175  9:54  Siege Tank  
  175  9:58  Viking x2  
  180  10:11  Viking, Corvid Reactor  
  180  10:12  Viking  
  180  10:13  SCV  
  184  10:25  Factory  
  184  10:26  Siege Tank  
  187  10:34  Barracks Reactor  
  187  10:36  Sensor Tower  
  187  10:46  Command Center  
  187  10:51  Supply Depot  
  187  10:55  Missile Turret  
  187  10:56  Missile Turret  
  187  11:13  Raven, Viking, Siege Tank, Medivac, Supply Depot  
  187  11:14  Terran Infantry Armor Level 3  
  187  11:16  Missile Turret  
  196  11:20  Command Center  
  196  11:35  Raven  
  198  11:45  Starport  
  198  11:47  Starport  
  198  11:54  Viking  
  200  11:55  Terran Infantry Weapons Level 3, Terran Vehicle Weapons Level 2  
  200  11:58  Armory  
  200  12:07  Sensor Tower  
  200  12:24  Refinery  
  197  12:31  Raven, Refinery, Missile Turret  
  199  12:38  Starport Tech Lab  
  199  12:39  Starport Reactor  
  199  12:42  Planetary Fortress  
  198  13:08  Siege Tank, Marine x8  
  172  13:17  Siege Tank  
  172  13:18  Viking x2  
  168  13:20  Raven  
  168  13:25  Marine x2  
  168  13:26  Marine x6  
  175  13:32  Smart Servos, Marine  
  175  13:33  Marine  
  175  13:40  Siege Tank  
  176  13:43  Marine x2  
  176  13:44  Marine x2, Liberator x2  
  186  13:49  Siege Tank  
  186  13:51  Hi-Sec Auto Tracking  
  180  14:10  Marine x4  
  180  14:11  Marine x6  
  180  14:12  Siege Tank  
  192  14:21  Siege Tank  
  195  14:28  Marine x5  
  195  14:29  Planetary Fortress  
  200  14:32  Neosteel Armor  
  200  14:40  Terran Ship Weapons Level 1, Terran Vehicle Weapons Level 3  
  200  14:45  Refinery  
  199  14:47  Refinery, Sensor Tower x2  
  191  15:00  Starport x2  
  191  15:06  Viking x2  
  191  15:07  Viking x2  
  199  15:23  Command Center  
  199  15:25  Command Center  
  198  15:28  Marine  
  198  16:01  Viking x2  
  198  16:02  Viking x2  
  198  16:06  Starport Tech Lab x2  
  196  16:11  Starport Tech Lab  
  196  16:16  Siege Tank, Marine  
  196  16:17  Siege Tank  
  186  16:27  Raven  
  186  16:30  Viking x2, Marine x2  
  186  16:31  Marine x6  
  200  16:39  Marine  
  200  16:44  Starport x2  
  200  16:45  Starport  
  158  17:08  Factory  
  158  17:09  Factory  
  152  17:32  Supply Depot  
  152  17:43  Planetary Fortress  
  150  17:45  Starport Tech Lab x2  
  150  17:46  Starport Tech Lab  
  148  17:52  Supply Depot x2  
  148  17:54  Supply Depot  
  148  17:58  Supply Depot  
  144  18:02  Supply Depot x2  
  143  18:15  Supply Depot  
  143  18:19  Raven x3, Supply Depot  
  148  18:20  Factory Tech Lab  
  148  18:21  Factory Tech Lab  
  137  18:47  Siege Tank x2  
  140  19:01  Raven  
  140  19:02  Raven  
  144  19:08  Command Center  
  144  19:21  Siege Tank  
  139  19:33  Siege Tank  
  139  19:35  SCV  
  144  19:38  Refinery x2  
  138  19:47  SCV  
  135  19:57  SCV  
  135  19:59  SCV  
Show
View Real Time Build Order
Export as new Build Order

Spirit Terran 

Build Orders:  

Get SALT Encoding   

  12  0:00  SCV  
  13  0:12  SCV  
  14  0:17  Supply Depot  
  14  0:24  SCV  
  15  0:38  SCV  
  15  0:39  Barracks  
  16  0:44  Refinery  
  16  0:50  SCV  
  16  0:55  Refinery  
  17  1:02  SCV  
  18  1:14  SCV  
  19  1:26  Reaper  
  19  1:27  Orbital Command  
  19  1:31  Supply Depot  
  20  1:45  Factory  
  20  1:52  SCV  
  21  1:59  Reaper  
  22  2:04  SCV  
  23  2:16  SCV  
  23  2:22  Command Center  
  24  2:28  SCV  
  24  2:29  Hellion  
  27  2:31  Barracks Reactor  
  27  2:39  Supply Depot  
  27  2:41  SCV  
  28  2:51  Hellion  
  30  2:52  Starport  
  30  2:55  SCV  
  31  3:08  SCV, Marine x2  
  31  3:12  Factory Tech Lab  
  34  3:15  Refinery  
  34  3:20  SCV  
  34  3:26  Marine x2  
  37  3:32  SCV  
  36  3:35  Cyclone  
  36  3:44  SCV  
  36  3:45  Orbital Command  
  35  3:49  Starport Tech Lab  
  35  3:51  Marine x2  
  37  3:56  SCV  
  38  4:07  Raven  
  38  4:08  SCV  
  38  4:09  Siege Tank  
  44  4:11  SCV  
  47  4:20  SCV  
  47  4:23  SCV, Supply Depot  
  47  4:29  Command Center  
  47  4:32  SCV  
  47  4:35  SCV, Marine x2  
  51  4:44  SCV  
  52  4:47  SCV  
  52  4:48  Siege Tank  
  52  4:49  Raven  
  58  4:53  Marine  
  58  4:55  Supply Depot  
  58  4:57  Supply Depot  
  58  4:59  SCV  
  61  5:01  SCV  
  61  5:11  SCV  
  62  5:16  Barracks, Marine x2  
  62  5:17  Barracks, SCV  
  65  5:22  Refinery  
  65  5:23  SCV  
  65  5:26  Siege Tank  
  69  5:29  SCV  
  69  5:35  SCV  
  71  5:41  SCV  
  71  5:42  Viking x2  
  76  5:43  Orbital Command  
  76  5:46  Stimpack  
  76  5:47  SCV  
  76  5:58  Siege Tank  
  76  6:00  Engineering Bay, SCV  
  76  6:01  Engineering Bay  
  76  6:03  Orbital Command  
  80  6:05  SCV, Barracks Reactor x2  
  81  6:13  SCV  
  81  6:15  Viking x2  
  81  6:17  SCV  
  87  6:19  Supply Depot  
  87  6:25  SCV  
  88  6:28  SCV  
  88  6:29  SCV  
  90  6:37  SCV  
  91  6:40  SCV  
  91  6:41  SCV, Siege Tank  
  91  6:42  Terran Infantry Weapons Level 1  
  91  6:43  Supply Depot x2  
  91  6:44  Marine x2, Terran Infantry Armor Level 1  
  98  6:49  SCV  
  98  6:52  Viking  
  101  7:04  Viking, SCV x3, Marine x3  
  109  7:10  Supply Depot x2  
  109  7:11  Supply Depot  
  109  7:13  Marine  
  110  7:16  SCV  
  110  7:19  Marine  
  110  7:22  Marine x2  
  116  7:23  Medivac  
  116  7:26  SCV, Combat Shield  
  116  7:27  Barracks  
  116  7:29  Barracks  
  117  7:31  SCV  
  117  7:33  Refinery  
  117  7:34  Refinery, Medivac  
  117  7:37  SCV, Sensor Tower  
  123  7:41  SCV  
  123  7:43  SCV  
  123  7:44  Marine, Command Center  
  123  7:49  SCV  
  125  7:53  SCV, Supply Depot  
  125  7:54  Supply Depot  
  125  7:55  Siege Tank, Armory  
  125  7:56  Marine  
  125  7:57  Marine  
  131  7:58  Marine  
  131  8:01  Marine  
  131  8:02  SCV, Marine  
  131  8:03  SCV  
  136  8:05  SCV  
  136  8:07  Liberator  
  140  8:14  SCV, Marine  
  140  8:15  Marine  
  140  8:16  Marine, Barracks Reactor x2  
  144  8:20  Marine x2  
  144  8:25  Supply Depot  
  144  8:27  Supply Depot  
  146  8:32  Marine x2  
  145  8:34  Marine  
  145  8:38  Marine x2  
  148  8:42  Terran Infantry Weapons Level 2  
  148  8:43  Supply Depot  
  148  8:46  Medivac  
  148  8:48  Terran Infantry Armor Level 2, Supply Depot  
  150  8:50  Marine x2  
  150  8:52  Supply Depot, Marine x3  
  155  8:55  Marine  
  155  8:56  Marine  
  155  8:57  Siege Tank  
  160  9:03  Marine x2  
  160  9:07  SCV, Marine  
  160  9:08  SCV x2, Marine  
  160  9:09  Marine, Terran Vehicle Weapons Level 1  
  167  9:10  Marine x2  
  167  9:13  Marine  
  167  9:14  Marine  
  172  9:19  SCV  
  172  9:20  Marine  
  172  9:21  Factory, Marine  
  172  9:23  Supply Depot  
  175  9:25  Marine  
  175  9:26  Marine  
  175  9:27  Marine x3  
  175  9:30  Siege Tank  
  179  9:31  Marine x2  
  180  9:38  Marine x2  
  180  9:43  Marine  
  180  9:44  Marine, Planetary Fortress  
  180  9:45  Marine x3  
  184  9:49  Marine x2  
  188  9:53  SCV  
  188  9:56  Marine x2  
  188  10:01  Marine  
  188  10:02  Siege Tank, Marine  
  188  10:03  Marine x3  
  196  10:07  Marine x2, Starport  
  196  10:08  Refinery  
  196  10:09  Refinery, Starport  
  196  10:13  SCV x2  
  200  10:15  Sensor Tower  
  200  10:17  Command Center  
  200  10:18  Fusion Core, Armory  
  200  10:22  Factory Tech Lab  
  199  10:34  Siege Tank  
  200  10:42  Viking  
  199  10:45  Command Center  
  199  10:46  Starport Reactor  
  199  10:47  Starport Tech Lab  
  199  10:53  Refinery  
  199  11:03  Command Center  
  199  11:06  Refinery  
  192  11:11  Viking x2  
  192  11:18  Terran Infantry Weapons Level 3, Terran Infantry Armor Level 3  
  196  11:19  Terran Vehicle And Ship Armor Level 1, Terran Ship Weapons Level 1, Advanced Ballistics  
  196  11:21  Viking  
  197  11:28  Viking  
  197  11:30  Planetary Fortress  
  199  11:47  Sensor Tower  
  199  11:56  Corvid Reactor  
  199  11:59  Orbital Command  
  199  12:02  Command Center  
  199  12:07  Command Center  
  199  12:11  Starport  
  199  12:12  Starport  
  198  12:16  Planetary Fortress  
  198  12:18  Starport  
  192  12:38  Smart Servos  
  192  12:41  Raven  
  194  12:51  Command Center  
  192  13:00  Siege Tank, Marine  
  195  13:11  Marine x3  
  167  13:22  Marine  
  167  13:23  Starport Tech Lab x3  
  167  13:24  Raven  
  167  13:26  Viking x4  
  168  13:29  Siege Tank  
  171  13:38  Siege Tank  
  174  13:48  Orbital Command, Command Center  
  174  13:49  Orbital Command, Raven x3  
  180  13:56  Viking x3  
  180  13:59  Refinery  
  186  14:06  Siege Tank  
  186  14:07  Raven  
  174  14:15  Siege Tank, Marine  
  174  14:16  Marine x8  
  174  14:31  Orbital Command  
  171  14:32  Raven  
  171  14:33  Raven, Marine x9  
  171  14:34  Raven  
  171  14:38  Siege Tank  
  186  14:40  Medivac x2  
  186  14:42  Medivac  
  186  14:45  Medivac  
  194  14:48  Siege Tank  
  194  14:50  Raven  
  194  14:51  Marine  
  200  14:55  Terran Ship Weapons Level 2  
  196  15:10  Viking, Medivac  
  200  15:18  Command Center  
  198  15:21  Raven  
  199  15:38  Siege Tank  
  188  16:08  Raven  
  187  16:18  Viking x4  
  187  16:21  SCV x5  
  194  16:31  Siege Tank, Marine  
  200  16:39  Marine  
  193  16:40  Marine x6  
  191  16:48  Viking  
  191  16:49  Marine  
  191  16:50  Viking  
  191  16:53  Starport x2  
  192  16:54  Starport  
  192  16:57  Marine  
  179  17:18  Raven  
  179  17:20  Raven  
  158  17:32  Orbital Command  
  158  17:34  Factory  
  158  17:35  Barracks x2  
  158  17:36  Barracks  
  158  17:48  Orbital Command  
  140  18:36  Factory  
  140  18:37  Factory  
  136  18:42  Factory Tech Lab  
  132  18:53  Supply Depot  
  80  19:52  Barracks  
  76  19:55  Factory Tech Lab x2  
  76  19:56  Barracks  
  76  19:57  Barracks  
  76  19:59  Barracks  

Tags
 
Add a new tag
Caveats
  • Supply blocks, unpowered buildings, or Contaminate may cause inaccurate times.
  • Supply counts are checked every 10 seconds.